 Seeded DCSS version 0.29.1-2-gbd0b4ee654 (webtiles) character file.

Game seed: 1 (custom seed)

101 Kazon the Trooper (level 4, -4/73 HPs)
             Began as an Ogre Berserker on Nov 25, 2022.
             Was a Believer of Trog.
             Killed by divine providence
             ... invoked by an orc priest
              (9 damage)
             ... on level 3 of the Dungeon.
             The game lasted 00:07:07 (1622 turns).

Kazon the Trooper (Ogre Berserker)                  Turns: 1622, Time: 00:07:08

Health: -4/73      AC:  3    Str: 21    XL:     4   Next: 75%
Magic:  4/4        EV: 10    Int:  8    God:    Trog [**....]
Gold:   22         SH:  0    Dex: 10    Spells: 3/3 levels left

rFire   . . .      SeeInvis .   e - +1 rapier (vamp)
rCold   . . .      Faith    .   (no shield)
rNeg    + . .      Spirit   .   b - +0 animal skin
rPois   .          Reflect  .   (helmet restricted)
rElec   .          Harm     .   (no cloak)
rCorr   .          Rampage  .   (gloves unavailable)
Will    .....                   (boots unavailable)
Stlth   ..........              c - amulet of the acrobat
HPRegen 0.22/turn               o - ring of positive energy
MPRegen 0.09/turn               (no ring)

@: berserking, very quick
A: large, unfitting armour, tough skin 1
a: Renounce Religion, Berserk, Trog's Hand


You were on level 3 of the Dungeon.
You worshipped Trog.
Trog was pleased with you.
You visited 1 branch of the dungeon, and saw 3 of its levels.

You collected 206 gold pieces.
You spent 184 gold pieces at shops.

Inventory:

Hand Weapons
 a - a +0 falchion
 e - a +1 vampiric rapier (weapon)
 m - a +2 dagger of venom
 s - the +3 falchion of Winter {venom, rCorr}
   (You bought it in a shop on level 3 of the Dungeon)

   It poisons the flesh of those it strikes.
   rCorr:     It protects you from acid and corrosion.
Missiles
 h - 15 stones (quivered)
 l - 3 boomerangs
Armour
 b - a +0 animal skin (worn)
Jewellery
 c - an amulet of the acrobat (around neck)
 o - a ring of positive energy (left hand)
Scrolls
 i - 6 scrolls of identify {unknown}
 k - a scroll of immolation {unknown}
 n - a scroll of fog {unknown}
Potions
 d - a potion of haste {unknown}
 f - a potion of flight {unknown}
 g - a potion of attraction {unknown}
 j - 2 potions of berserk rage {unknown}


   Skills:
 + Level 4.8 Fighting
 + Level 2.0(2.8) Short Blades
 + Level 3.1(3.4) Long Blades
 + Level 1.1 Throwing
 + Level 3.1 Dodging
 + Level 0.1 Stealth


You had 3 spell levels left.
You didn't know any spells.
Your spell library was empty.

Dungeon Overview and Level Annotations

Branches:
Dungeon (3/15)

Altars:

Shops:
D:3 (


Innate Abilities, Weirdness & Mutations

You are too large for most types of armour.
You have tough skin. (AC +1)


Message History

The orc hits you with a +0 club.
The orc priest calls down the wrath of Beogh upon you.
Beogh smites you!
You hear a shout!
You barely miss the orc.
The orc is moderately wounded.
You hit the orc.
You feel better.
The orc is lightly wounded.
The orc hits you with a +0 mace. The orc hits you with a +0 club.
You hit the orc.
The orc is moderately wounded.
The orc hits you but does no damage. The orc misses you.
The orc priest calls down the wrath of Beogh upon you.
Beogh smites you!
You hit the orc.
You feel better.
You kill the orc!
Trog accepts your kill. The orc hits you with a +0 mace!
An orc comes into view.
It is wielding a +1 dagger of holy wrath.
Your Short Blades skill increases to level 2!
You barely miss the orc.
The orc is lightly wounded.
You closely miss the orc priest. The orc hits you with a +0 mace!
* * * LOW HITPOINT WARNING * * *
You barely miss the orc. The orc barely misses you.
The orc hits you but does no damage.
The orc priest hits you with a +0 flail.
* * * LOW HITPOINT WARNING * * *
A red film seems to cover your vision as you go berserk!
You feel yourself moving faster!
You feel mighty! The orc hits you with a +0 mace.
* * * LOW HITPOINT WARNING * * *
The orc closely misses you.
The orc priest hits you with a +0 flail.
* * * LOW HITPOINT WARNING * * *
You completely miss the orc priest. The orc hits you with a +0 mace.
* * * LOW HITPOINT WARNING * * *
The orc priest mumbles some strange prayers to Beogh against you.
Beogh smites you!
You die...

#................#
#....................
#.............#.....
. #.^...........#....
..
#.............#....o.
#..........#.#.#.#.#
#.†...............
##..........#.##o##
..............#o@o#
............#.'...+
......#..#.#..#...#
.#.#.#.#.#..#.##+##
.........##.....
.#.#.#.#.####.#.#
.........# #####
.#.#.#.#.# .........#


You could see an orc priest and 2 orcs.

Vanquished Creatures
  3 gnolls (D:2)
  2 adders (D:2)
  A worm (D:2)
  2 orcs (D:3)
  9 endoplasms
  A giant cockroach (D:1)
  7 goblins
  6 hobgoblins
  3 kobolds
  A quokka (D:1)
  A ball python (D:2)
  3 bats
  3 frilled lizards
  5 rats
47 creatures vanquished.

Notes
Turn   | Place    | Note
-------+----------+-------------------------------------------
     0 | D:1      | Kazon the Ogre Berserker began the quest for the Orb.
     0 | D:1      | Reached XP level 1. HP: 24/24 MP: 1/1
    33 | D:1      | Identified a scroll of acquirement
    33 | D:1      | Acquired a +1 vampiric rapier
   128 | D:1      | Reached XP level 2. HP: 28/32 MP: 2/2
   730 | D:2      | Reached XP level 3. HP: 24/40 MP: 3/3
   751 | D:2      | Reached ** piety under Trog
  1260 | D:2      | Reached skill level 1 in Short Blades
  1290 | D:2      | Reached XP level 4. HP: 49/49 MP: 4/4
  1298 | D:2      | Reached skill level 1 in Throwing
  1398 | D:3      | Found Umat's Antique Weapon Boutique.
  1425 | D:3      | Bought a crude falchion for 184 gold pieces
  1425 | D:3      | Identified the +3 falchion of Winter {venom, rCorr} (You
                  | bought it in a shop on level 3 of the Dungeon)
  1622 | D:3      | Killed from afar by an orc priest

Illustrated notes

Levels and vault maps discovered:
D:1:      dpeg_arrival_three_smaller_balls, layout_basic
D:2:      layout_loops_ring
D:3:      layout_basic, serial_shops, nicolae_shop_stone, st_stairs_9,
          minmay_misc_feat_doors, eino_curves_03, uniq_robin

Skill      XL: |  1  2  3  4 |
---------------+-------------+-----
Long Blades    | 3 |  3.1
Dodging        | 3 |  3.1
Short Blades   | 1 2 |  2.0
Throwing       | 1 |  1.1
Fighting       | |  4.8
Stealth        | |  0.1

Action                   |  1- 3 |  4- 6 || total
-------------------------+-------+-------++-------
Melee: Rapier            |   112 |    39 ||   151
       Falchion          |     4 |       ||     4
       Punch             |     1 |     2 ||     3
Throw: Stone             |       |    11 ||    11
Invok: Berserk           |     1 |     1 ||     2
  Use: Scroll            |     1 |       ||     1
Armor: Animal skin       |    34 |     9 ||    43
Dodge: Dodged            |    80 |    25 ||   105
